 Dungeon Crawl Stone Soup version 0.32-a0-818-gb728d02 (webtiles) character file.

Game seed: 18366378218346888109

45 tchen the Chopper (level 3, 29/29 HPs)
             Began as a Coglin Berserker on Mar 24, 2024.
             Was a Believer of Trog.
             Quit the game on level 2 of the Dungeon.
             The game lasted 00:05:01 (1287 turns).

tchen the Chopper (Coglin Berserker)                Turns: 1287, Time: 00:05:02

Health: 29/29      AC:  4    Str: 19    XL:     3   Next: 64%
Magic:  3/3        EV: 11    Int:  6    God:    Trog [**....]
Gold:   77         SH:  0    Dex: 13    Spells: 2/2 levels left

rFire   . . .        a - +0 hand axe {Doyun}
rCold   . . .        c - +0 dagger {Aula}
rNeg    . . .        d - +0 leather armour
rPois   .            (no helmet)
rElec   .            (no cloak)
rCorr   .            (no gloves)
SInv    .            k - +0 pair of boots
Will    .....        (amulet unavailable)
Stlth   +            (ring unavailable)
HPRegen 0.24/turn    (ring unavailable)
MPRegen 0.08/turn    (no gizmo)

%: no passive effects
@: no status effects
A: off-hand wielding, slow wielding, warmup strikes, no jewellery
a: Invent Gizmo, Renounce Religion, Berserk, Trog's Hand


You were on level 2 of the Dungeon.
You worshipped Trog.
Trog was pleased with you.
You visited 1 branch of the dungeon, and saw 2 of its levels.

You collected 77 gold pieces.

Inventory:

Hand Weapons
 a - a +0 hand axe (weapon) {Doyun}
 c - a +0 dagger (offhand) {Aula}
Armour
 b - a +0 animal skin
 d - a +0 leather armour (worn)
 k - a +0 pair of boots (worn)
Wands
 j - a wand of paralysis (11)
Scrolls
 i - a scroll of enchant armour {unknown}
Potions
 e - a potion of curing {unknown}
 f - a potion of mutation {unknown}
 g - a potion of enlightenment {unknown}
 h - a potion of heal wounds {unknown}


   Skills:
 - Level 3.0 Fighting
 + Level 4.4 Axes
 - Level 1.8 Armour
 - Level 1.8 Dodging


You had 2 spell levels left.
You didn't know any spells.
Your spell library was empty.

Dungeon Overview and Level Annotations

Branches:
Dungeon (2/15)

Altars:

Shops:
D:2 *


Innate Abilities, Weirdness & Mutations

You can wield a second weapon in your off-hand.
It takes a long time for you to wield or remove held weapons.
Your first few attacks do less damage.
You cannot equip rings or amulets.


Message History

A frilled lizard is nearby!
A frilled lizard is nearby!
A frilled lizard is nearby!
A frilled lizard is nearby!
Found Egre's General Store.
The frilled lizard hisses angrily.
You hit the frilled lizard with your +0 dagger.
You kill the frilled lizard!
Trog accepts your kill.
No target in view!
No target in view!
No target in view!
No target in view!
No target in view!
No target in view!
No target in view!
No target in view!
No target in view!
No target in view!
There is an entrance to Egre's General Store here.
You see here a frilled lizard corpse.
Things that are here:
a +0 short sword; 2 stones Key pressed, stopping explore.
There is an escape hatch in the ceiling here.
Key pressed, stopping explore.
Key pressed, stopping explore.
You see here a +0 leather armour.
Key pressed, stopping explore.
You see here a +0 leather armour.
Key pressed, stopping explore.
Key pressed, stopping explore.
Key pressed, stopping explore.
There is a faded altar of an unknown god here.
Things that are here:
a +0 dagger; a goblin corpse Key pressed, stopping explore.
Are you sure you want to abandon this character and quit the game? (Confirm with "yes".)
Okay, then.
Are you sure you want to abandon this character and quit the game? (Confirm with "yes".)

P..#P......##.#
..P#.....PP..##
PPP_.........#
...#........P##
PP.#..PPP.P##.#
P..#P..P.P.##.#
.PP#P...###...####
########.......).######
.....#
#########@.....#######
.....#
######.......#####
<....#### #######......
#.####..# #....#######
#..##..## #.##.###
.......# ###...>..#
.......# ####........#
.......# ##....##..<..#
.####..# .
##.....##.....# #


There were no monsters in sight!

Vanquished Creatures
  A gnoll (D:1)
  A dart slug (D:1)
  4 endoplasms (D:1)
  A giant cockroach (D:1)
  4 goblins
  3 hobgoblins (D:1)
  2 jackals (D:1)
  A quokka (D:1)
  3 ball pythons
  2 bats (D:1)
  2 frilled lizards (D:2)
  4 kobolds
  4 rats (D:1)
32 creatures vanquished.

Notes
Turn   | Place    | Note
-------+----------+-------------------------------------------
     0 | D:1      | tchen the Coglin Berserker began the quest for the Orb.
     0 | D:1      | Reached XP level 1. HP: 18/18 MP: 1/1
    54 | D:1      | Reached XP level 2. HP: 19/24 MP: 2/2
   397 | D:1      | Reached skill level 4 in Axes
   397 | D:1      | Reached XP level 3. HP: 29/29 MP: 3/3
   693 | D:1      | Reached ** piety under Trog
  1156 | D:2      | Found a faded altar of an unknown god.
  1215 | D:2      | Found Egre's General Store.
  1287 | D:2      | Quit the game

Illustrated notes

Levels and vault maps discovered:
D:1:      mrwooster_arrival_statue, layout_loops_corners, chequers_garden
D:2:      layout_rooms, serial_shops, nicolae_shop_pleasant_corner_grove,
          shapermc_ecumenical_altar_gd

Skill      XL: |  1  2 |
---------------+-------+-----
Axes           | 4 |  4.4
Fighting       | |  3.0
Armour         | |  1.8
Dodging        | |  1.8

Action                     || total
---------------------------++-------
  Melee: Hand axe          ||    66
         Dagger            ||    62
 Armour: Animal skin       ||     2
         Leather armour    ||    31
  Dodge: Dodged            ||    45

Table legend: (Time is in decaauts)
 A = Elapsed time spent in this place.
 B = Non-inter-level travel time spent in this place.
 C = Inter-level travel time spent in this place.
 D = Time resting spent in this place.
 E = Time spent auto-exploring this place.
 F = Levels seen in this place.
 G = Mean time per level.
                   A        B        C        D        E       F      G
               +--------+--------+--------+--------+--------+-----+--------+
         Total |   1289 |   1258 |     31 |      0 |    982 |   2 |  644.5 |
       Dungeon |   1289 |   1258 |     31 |      0 |    982 |   2 |  644.5 |
               +--------+--------+--------+--------+--------+-----+--------+

Top non-repeatable levels by time:
     D:1: 1074 daAuts
     D:2: 214 daAuts
